Map: 冰雪合金-天梯版

Players

TIME (Oliveira)

  • Race: Terran Terran
  • League: Master

iGXiGua (XiGua) - Winner!

  • Race: Zerg Zerg

Event: DreamHack SC2 Masters 2020 Fall

VOD

Have the link to the VOD?

Description

Time

  • Played on: Sept. 4, 2020, 8:10 a.m.
  • Length: 12:04

All games in this series

Show
View Real Time Build Order
Export as new Build Order

TIME Terran 

Build Orders: Reaper Expand 

Get SALT Encoding   

  12  0:00  SCV  
  13  0:12  SCV  
  14  0:17  Supply Depot  
  14  0:24  SCV  
  15  0:39  SCV  
  15  0:40  Barracks  
  16  0:44  Refinery  
  16  0:51  SCV  
  17  1:03  SCV  
  18  1:15  SCV  
  19  1:29  Reaper  
  19  1:30  Orbital Command  
  20  1:38  Command Center  
  20  1:47  Supply Depot  
  20  1:55  SCV  
  20  2:01  Marine  
  21  2:08  SCV  
  23  2:10  Factory  
  23  2:13  Refinery  
  23  2:20  SCV  
  23  2:22  Barracks Reactor  
  24  2:28  Barracks  
  24  2:32  SCV  
  26  2:44  SCV  
  26  2:50  Orbital Command  
  26  2:56  SCV  
  27  3:01  Hellion x2  
  27  3:04  Barracks Tech Lab  
  31  3:08  SCV  
  32  3:16  SCV  
  33  3:20  SCV  
  33  3:21  Supply Depot  
  33  3:22  Stimpack, Marine  
  35  3:27  Marine  
  35  3:28  Marine  
  35  3:31  Starport  
  35  3:32  Factory Reactor  
  37  3:35  SCV  
  37  3:36  SCV  
  37  3:41  Marine  
  39  3:46  Supply Depot  
  39  3:47  SCV  
  41  3:48  Marine x2  
  41  3:51  SCV  
  44  3:59  SCV, Marine  
  46  4:03  SCV  
  46  4:06  Marine x2  
  49  4:12  Supply Depot  
  49  4:14  Medivac x2, Factory Tech Lab  
  49  4:16  Marine  
  53  4:17  SCV  
  53  4:18  SCV  
  56  4:24  Marine  
  56  4:25  Marine  
  56  4:26  Engineering Bay  
  56  4:30  SCV x2  
  56  4:31  Refinery  
  60  4:34  Marine  
  60  4:35  Supply Depot  
  61  4:39  Siege Tank  
  61  4:42  Marine  
  61  4:43  Marine  
  66  4:49  Barracks  
  66  4:50  SCV  
  66  4:52  Marine  
  68  4:53  Terran Infantry Weapons Level 1  
  68  4:55  Starport Reactor  
  68  4:59  Refinery  
  68  5:00  Marine  
  68  5:02  SCV  
  68  5:03  Supply Depot  
  68  5:07  SCV, Supply Depot  
  71  5:10  Marine  
  72  5:17  Marine  
  72  5:18  Siege Tank  
  72  5:19  SCV  
  72  5:20  SCV  
  78  5:24  Marine  
  79  5:32  Marine  
  79  5:33  SCV  
  79  5:34  Medivac, Marine  
  79  5:35  Medivac  
  86  5:36  SCV  
  86  5:37  Marine x2  
  88  5:44  Marine  
  88  5:49  Combat Shield  
  89  5:50  Marine  
  89  5:53  Siege Tank  
  89  5:56  Marine  
  94  5:57  Supply Depot  
  94  6:00  Supply Depot  
  94  6:15  Marine x2  
  94  6:18  Medivac, Marine x3  
  94  6:25  Medivac  
  101  6:33  Marine x2  
  101  6:35  Siege Tank  
  101  6:36  SCV  
  106  6:41  Command Center  
  105  6:52  Marine x2  
  105  6:54  Marine  
  105  6:55  Marine  
  104  7:04  Marine  
  83  7:08  Siege Tank  
  83  7:09  Marine  
  83  7:11  Liberator x2  
  83  7:14  SCV  
  94  7:16  Barracks  
  94  7:17  Marine  
  94  7:18  Marine  
  94  7:20  Marine, Barracks  
  94  7:22  SCV  
  98  7:24  Terran Infantry Armor Level 1  
  98  7:27  Marine  
  98  7:29  Marine  
  100  7:35  Marine  
  101  7:37  Marine  
  101  7:38  Marine  
  103  7:45  Marine  
  103  7:47  Marine  
  103  7:48  Siege Tank  
  103  7:49  SCV, Engineering Bay  
  103  7:50  SCV  
  103  7:51  Armory  
  110  7:53  Marine  
  110  7:55  Marine  
  112  8:01  Orbital Command  
  112  8:02  Marine  
  112  8:03  Marine  
  115  8:06  Barracks Reactor  
  115  8:09  SCV x2  
  115  8:10  Barracks Reactor  
  115  8:12  Supply Depot, Marine  
  117  8:17  Marine  
  118  8:20  Marine  
  118  8:24  Marine  
  120  8:30  Marine  
  120  8:31  Marine  
  122  8:35  Marine, Siege Tank  
  122  8:38  Marine  
  122  8:40  Orbital Command  
  124  8:42  Marine  
  124  8:45  Marine  
  124  8:47  SCV  
  123  8:52  Marine x4  
  123  8:53  Marine  
  123  8:54  Marine  
  129  8:57  Marine  
  129  9:00  Marine  
  129  9:01  Missile Turret x2  
  131  9:04  Missile Turret  
  131  9:06  Marine, Terran Infantry Weapons Level 2  
  131  9:09  Marine  
  120  9:10  SCV x3, Marine  
  120  9:12  Marine  
  120  9:14  Marine  
  120  9:15  Marine  
  128  9:21  Siege Tank  
  131  9:24  Marine  
  131  9:25  Marine  
  131  9:30  Terran Infantry Armor Level 2  
  133  9:31  Marine x3  
  133  9:32  Marine  
  133  9:35  Supply Depot, Marine  
  133  9:37  Marine  
  139  9:38  Marine  
  139  9:42  Marine  
  141  9:49  Supply Depot  
  141  9:53  Orbital Command  
  141  9:56  Medivac x2, Marine x3  
  141  9:57  SCV  
  141  9:59  Marine  
  142  10:07  Marine x2  
  142  10:16  Marine x2  
  143  10:28  Supply Depot  
  143  10:30  SCV, Supply Depot, Marine  
  143  10:31  SCV, Supply Depot x2  
  105  10:36  Marine x3  
  105  10:38  Marine  
  105  10:41  Marine x2  
  105  10:42  Marine x2  
  95  10:44  Siege Tank  
  95  10:46  SCV x3  
  95  10:47  Missile Turret  
  95  10:48  Marine  
  100  10:51  Medivac x2  
  100  10:54  Marine x2  
  100  10:56  Marine  
  105  10:57  Marine  
  105  10:58  SCV  
  105  11:02  SCV, Marine  
  105  11:03  SCV, Marine  
  105  11:04  Marine  
  109  11:07  Marine  
  109  11:10  Refinery  
  110  11:11  Marine  
  110  11:12  Marine, Factory  
  110  11:13  Marine  
  110  11:16  Marine x2  
  115  11:19  Siege Tank  
  115  11:21  Marine  
  119  11:26  Marine x2  
  119  11:31  Marine x2  
  123  11:33  Marine x2  
  119  11:44  Marine  
Show
View Real Time Build Order
Export as new Build Order

iGXiGua Zerg - Winner!

Build Orders: Hatch First, Muta Ling Bane 

Get SALT Encoding   

  12  0:00  Drone  
  13  0:12  Overlord  
  13  0:16  Drone  
  14  0:30  Drone x2  
  16  0:47  Hatchery  
  15  0:51  Drone  
  15  0:54  Drone  
  17  0:57  Drone  
  18  1:08  Extractor  
  17  1:12  Spawning Pool  
  17  1:16  Drone  
  17  1:18  Drone  
  18  1:27  Drone  
  19  1:39  Drone  
  20  1:49  Drone  
  21  1:59  Queen x2  
  21  2:00  Zergling x4  
  27  2:11  Overlord  
  27  2:13  Drone  
  28  2:22  Hatchery  
  27  2:30  Drone x2  
  27  2:35  Metabolic Boost  
  29  2:39  Drone  
  29  2:40  Queen  
  32  2:46  Overlord  
  32  2:49  Drone  
  33  2:52  Drone  
  33  2:53  Drone  
  33  2:56  Drone  
  36  3:08  Drone x4  
  36  3:11  Drone  
  41  3:17  Drone  
  41  3:18  Queen  
  41  3:19  Overlord  
  44  3:24  Overlord  
  44  3:38  Queen, Drone x2  
  44  3:39  Overlord  
  44  3:40  Drone x3  
  51  3:43  Zergling x2  
  51  3:45  Zergling x2  
  51  3:48  Drone x2  
  55  3:50  Overlord  
  55  3:51  Drone  
  55  3:53  Drone  
  57  3:58  Queen  
  57  4:00  Drone  
  60  4:04  Drone x2  
  60  4:08  Overlord  
  62  4:13  Evolution Chamber  
  62  4:16  Evolution Chamber  
  59  4:18  Zergling x4  
  59  4:19  Zergling x2  
  59  4:20  Drone x4  
  66  4:27  Overlord  
  66  4:28  Drone x4  
  66  4:31  Drone  
  71  4:34  Drone  
  71  4:37  Queen  
  74  4:40  Overlord  
  74  4:43  Zerg Ground Armor Level 1  
  74  4:44  Overlord  
  74  4:45  Drone  
  74  4:47  Extractor  
  74  4:51  Queen, Extractor  
  75  4:57  Zergling x2  
  75  4:58  Zergling x12  
  82  5:03  Zerg Melee Weapons Level 1  
  82  5:05  Zergling x8  
  82  5:06  Zergling x2  
  87  5:12  Zergling x2  
  87  5:13  Queen  
  90  5:18  Zergling x8  
  94  5:21  Zergling x8  
  94  5:28  Overlord x2  
  97  5:31  Overlord  
  97  5:34  Overlord  
  97  5:39  Lair  
  97  5:40  Overlord  
  97  5:43  Overlord  
  97  5:44  Overlord, Baneling Nest  
  97  5:47  Overlord  
  97  5:48  Zergling x4  
  97  5:51  Zergling x2  
  97  5:53  Queen  
  100  6:00  Zergling x10  
  100  6:03  Queen  
  100  6:04  Zergling x4  
  109  6:06  Overlord  
  109  6:09  Overlord  
  108  6:14  Zergling x4  
  110  6:21  Zergling x2  
  110  6:22  Zergling x4  
  112  6:33  Zergling x10  
  112  6:34  Baneling x7  
  112  6:38  Zergling x10  
  122  6:42  Centrifical Hooks  
  122  6:47  Hatchery  
  121  6:55  Spire  
  121  7:00  Zergling x2  
  121  7:01  Zergling x12  
  113  7:05  Drone x4  
  113  7:07  Drone x3  
  113  7:08  Extractor  
  94  7:15  Baneling x8  
  94  7:16  Baneling  
  94  7:21  Extractor  
  94  7:22  Drone  
  93  7:23  Drone x5, Extractor  
  93  7:27  Drone x2  
  93  7:29  Zerg Melee Weapons Level 2  
  99  7:33  Drone  
  100  7:40  Zergling x10  
  102  7:46  Zergling x4  
  102  7:47  Zergling x6  
  102  7:50  Zerg Ground Armor Level 2  
  107  7:55  Drone  
  107  7:57  Drone x4  
  111  8:01  Drone  
  112  8:09  Mutalisk x3  
  118  8:16  Baneling x2  
  118  8:21  Drone x13  
  118  8:25  Baneling x4  
  131  8:30  Mutalisk  
  131  8:31  Extractor  
  132  8:35  Extractor  
  123  8:46  Mutalisk x2  
  118  8:50  Queen  
  118  8:54  Mutalisk  
  122  8:55  Zergling x4  
  122  8:56  Zergling x10  
  122  8:58  Drone x2  
  122  8:59  Hatchery  
  122  9:00  Drone  
  130  9:08  Mutalisk x2  
  131  9:13  Zergling x16  
  139  9:17  Drone  
  139  9:18  Drone x3  
  139  9:22  Drone x4  
  147  9:31  Zergling x2, Zerg Flyer Weapons Level 1  
  147  9:32  Zergling x6  
  151  9:39  Mutalisk x3  
  151  9:43  Zergling x6  
  159  9:48  Zergling x8  
  159  9:51  Baneling  
  159  9:52  Baneling x3  
  161  9:56  Overlord  
  161  10:01  Baneling x2  
  161  10:02  Zergling x14  
  161  10:05  Baneling  
  161  10:06  Zergling x10  
  165  10:10  Baneling  
  156  10:19  Zergling x10  
  160  10:27  Zergling x2  
  160  10:28  Zergling x10, Baneling x4  
  161  10:32  Mutalisk  
  161  10:33  Zergling x2  
  139  10:36  Mutalisk  
  139  10:37  Mutalisk  
  128  10:43  Zergling x10  
  128  10:44  Zergling x2  
  134  10:51  Mutalisk x2  
  134  10:53  Mutalisk  
  140  11:03  Zergling x8  
  142  11:04  Baneling x27  
  142  11:05  Baneling x4  
  142  11:07  Zergling x8  
  146  11:12  Zergling x2  
  146  11:13  Zergling x6  
  146  11:17  Extractor  
  149  11:18  Zergling x8  
  149  11:22  Zergling x12  
  159  11:27  Zergling x2  
  159  11:28  Zergling x4  
  159  11:29  Baneling  
  159  11:30  Baneling x2  
  159  11:31  Zergling x4  
  164  11:37  Zergling x4  
  160  11:43  Zergling x12  

Tags
 
Add a new tag
Caveats
  • Supply blocks, unpowered buildings, or Contaminate may cause inaccurate times.
  • Supply counts are checked every 10 seconds.